 Dungeon Crawl Stone Soup version 0.28-a0-906-g0406aca7d3 (webtiles) character file.

Game seed: 6423072684868565863

15054 siradein the Cleaver (level 12, -4/108 HPs)
             Began as a Hill Orc Fighter on Nov 23, 2021.
             Was a Follower of Beogh.
             Killed from afar by a catoblepas (9 damage)
             ... with a blast of calcifying dust
             ... on level 11 of the Dungeon.
             The game lasted 00:45:16 (16995 turns).

siradein the Cleaver (Hill Orc Fighter)            Turns: 16995, Time: 00:45:17

Health: -4/108     AC: 17    Str: 25    XL:     12   Next: 23%
Magic:  14/14      EV:  6    Int:  8    God:    Beogh [*.....]
Gold:   782        SH: 16    Dex: 12    Spells: 11/11 levels left

rFire   . . .      SeeInvis .   J - +4 short sword "Imat Mor" {vamp, rC+ Str+3 Stlth+}
rCold   + . .      Faith    .   M - +0 kite shield
rNeg    . . .      Spirit   .   K - +0 plate armour
rPois   .          Reflect  +   l - +0 helmet
rElec   .          Harm     .   (no cloak)
rCorr   .          Rampage  .   (no gloves)
Will    .....                   F - +0 pair of boots
Stlth   ..........              c - amulet of reflection
HPRegen 0.28/turn               r - ring of flight
MPRegen 0.14/turn               (no ring)

@: flying
A: no striking features
a: Renounce Religion


You were on level 11 of the Dungeon.
You worshipped Beogh.
Beogh was aware of your devotion.
You visited 2 branches of the dungeon, and saw 12 of its levels.

You collected 782 gold pieces.

Inventory:

Hand Weapons
 a - the +8 war axe "Rucwow" {speed, +Blink Str-3 SInv}
   (You found it on level 10 of the Dungeon)

   Attacks with this weapon are significantly faster.
   Str:       It affects your strength (-3).
   SInv:      It lets you see invisible.
   +Blink:    It lets you blink.
 f - a +0 fustibalus
 z - the +9 trident "Jivai" {freeze, Fly rC+ MP+9 Dex-2}
   (You found it on level 5 of the Dungeon)

   It freezes those it strikes, dealing additional cold damage.
   It can also slow down cold-blooded creatures.
   Dex:       It affects your dexterity (-2).
   rC:        It protects you from cold.
   MP:        It affects your magic capacity (+9).
   Fly:       It grants you flight.
 J - the +4 short sword "Imat Mor" (weapon) {vamp, rC+ Str+3 Stlth+}
   (You found it on level 9 of the Dungeon)

   It occasionally heals its wielder for a portion of the damage dealt when it
   wounds a living foe.
   Str:       It affects your strength (+3).
   rC:        It protects you from cold.
   Stlth:     It makes you more stealthy.
Missiles
 e - 39 poisoned darts (quivered)
 g - 280 stones
 m - 6 javelins
 p - 25 sling bullets
 v - 6 atropa-tipped darts
 y - 2 throwing nets
 N - a curare-tipped dart
Armour
 l - a +0 helmet (worn)
 F - a +0 pair of boots (worn)
 K - a +0 plate armour (worn)
 M - a +0 kite shield (worn)
Jewellery
 c - an amulet of reflection (around neck)
 r - a ring of flight (left hand)
Wands
 o - a wand of polymorph (19)
 C - a wand of mindburst (29)
 D - a wand of digging (11)
 E - a wand of iceblast (8)
 Q - a wand of charming (7)
 S - a wand of flame (22)
Scrolls
 i - 3 scrolls of enchant armour
 j - 5 scrolls of teleportation
 n - 3 scrolls of immolation
 q - a scroll of silence
 s - a scroll of fear
 w - 2 scrolls of magic mapping
 A - a scroll of fog
 B - a scroll of vulnerability {unknown}
 G - 2 scrolls of blinking
 O - a scroll of summoning {unknown}
 R - a scroll of identify
Potions
 b - 2 potions of brilliance
 d - a potion of might
 h - 3 potions of haste
 k - a potion of mutation
 t - a potion of flight {unknown}
 u - a potion of attraction
 x - a potion of curing
 H - a potion of heal wounds
 I - 2 potions of ambrosia {unknown}
 L - 2 potions of berserk rage
 P - 2 potions of lignification {unknown}


   Skills:
 + Level 10.9 Fighting
 + Level 3.3 Short Blades
 + Level 11.5 Axes
 + Level 7.8 Slings
 + Level 10.0 Armour
 + Level 10.0 Shields
 + Level 2.8 Invocations


You had 11 spell levels left.
You didn't know any spells.
Your spell library contained the following spells:

 Spells                   Type           Power      Damage    Failure   Level
 Sandblast                Erth           0%         2d4       100%        1
 Summon Small Mammal      Summ           0%         N/A       100%        1
 Corpse Rot               Necr/Air       0%         N/A       100%        2
 Passwall                 Tmut/Erth      0%         N/A       100%        2
 Poisonous Vapours        Pois/Air       0%         N/A       100%        2
 Call Canine Familiar     Summ           0%         N/A       100%        3
 Gell's Gravitas          Tloc           0%         N/A       100%        3
 Lesser Beckoning         Tloc           0%         N/A       100%        3
 Stone Arrow              Conj/Erth      0%         3d7       100%        3
 Summon Guardian Golem    Hex/Summ       0%         N/A       100%        3
 Teleport Other           Tloc           0%         N/A       100%        3
 Leda's Liquefaction      Hex/Erth       0%         N/A       100%        4
 Fireball                 Conj/Fire      0%         3d3       100%        5
 Iskenderun's Battlesphe  Conj           0%         2d6       100%        5
 Lee's Rapid Deconstruct  Erth           0%         3d5*      100%        5
 Conjure Ball Lightning   Conj/Air       0%         3x3d6     100%        6
 Statue Form              Tmut/Erth      0%         N/A       100%        6
 Orb of Destruction       Conj           0%         N/A       100%        7


Dungeon Overview and Level Annotations

Branches:
Dungeon (11/15)            Temple (1/1) D:5            Lair (0/6) D:8
    Orc (0/2) D:9

Altars:
Ashenzari
Cheibriados
Dithmenos
Elyvilon
Fedhas
Gozag
Hepliaklqana
Kikubaaqudgha
Makhleb
Nemelex Xobeh
Okawaru
Qazlal
Ru
Sif Muna
Trog
Uskayaw
Vehumet
Wu Jian
Xom
Yredelemnul
Zin
The Shining One


Message History

The blast of calcifying dust hits you but does no damage.
The catoblepas breathes a plume of calcifying dust at you.
The blast of calcifying dust hits you.
* * * LOW HITPOINT WARNING * * *
You hit the catoblepas.
You feel better.
The catoblepas is lightly wounded.
The catoblepas breathes in.
You block the catoblepas's attack.
You hit the catoblepas.
The catoblepas is lightly wounded.
The catoblepas breathes a plume of calcifying dust at you.
The blast of calcifying dust hits you but does no damage.
You puncture the catoblepas!
You feel better.
The catoblepas is moderately wounded.
You are engulfed in calcifying dust.
You are slowing down.
You block the catoblepas's attack. You block the catoblepas's attack.
Your limbs are stiffening.
You have turned to stone.
The catoblepas breathes a plume of calcifying dust at you.
The blast of calcifying dust hits you.
You are engulfed in calcifying dust.
The catoblepas gores you.
You are engulfed in calcifying dust.
The catoblepas breathes a plume of calcifying dust at you.
The blast of calcifying dust hits you.
You are engulfed in calcifying dust.
The catoblepas breathes a plume of calcifying dust at you.
The blast of calcifying dust hits you.
You are engulfed in calcifying dust.
The catoblepas gores you!
* * * LOW HITPOINT WARNING * * *
The catoblepas gores you!!
* * * LOW HITPOINT WARNING * * *
The catoblepas gores you!!
* * * LOW HITPOINT WARNING * * *
The catoblepas gores you!
* * * LOW HITPOINT WARNING * * *
You turn to flesh and can move again.
The catoblepas breathes a plume of calcifying dust at you.
The blast of calcifying dust hits you!
You die...

#..# #.# ##.###
#####'####### #.Y§.#
###...........#
#..§.#
♣.≈.≈≈≈≈#####.# #
#...§###.≈≈≈≈≈.....#
###
#....##.≈.≈≈.≈≈.##.#
#..
#......≈.≈≈≈.#...#
#..#
#.....≈..♣.≈.≈≈≈.#
#. #
#....###≈@≈#≈≈≈≈.# #
#....#.≈≈≈§..≈.≈.# #
#....#≈.≈.≈Y≈....# #
#....#≈≈.≈.≈≈.≈≈##
#######≈.≈....≈.....
####......####
########


You could see a catoblepas.

Vanquished Creatures
  A hydra (D:11)
  A boulder beetle (D:11)
  Pikel (D:3)
  2 cyclopes
  7 centaur zombies
  Psyche (D:11)
  20 yaks
  A vampire (D:10)
  A wraith (D:11)
  A shadow (D:9)
  6 wyverns
  10 vampire mosquitoes
  A steam dragon (D:9)
  Edmund (D:6)
  2 acid dragons
  5 water moccasins
  3 orc warriors (D:9)
  2 black bears (D:8)
  2 ice beasts
  A necrophage (D:6)
  2 wolves (D:8)
  4 centaurs
  4 ogres
  3 phantoms
  2 kobold brigands
  3 scorpions
  2 bullfrogs
  A gnoll sergeant (D:7)
  2 water moccasin skeletons (D:6)
  8 wights
  10 killer bees
  6 howler monkeys
  A bullfrog zombie (D:5)
  A hound (D:4)
  2 jellies
  A bullfrog skeleton (D:7)
  2 gnoll shamans
  6 iguanas
  Jessica (D:2)
  4 orc wizards
  A hound zombie (D:5)
  A hound skeleton (D:4)
  2 howler monkey zombies
  Robin (D:2)
  13 gnolls
  7 adders
  4 shadow imps
  A worm (D:2)
  4 dart slugs
  25 orcs
  5 bats
  6 endoplasms
  3 giant cockroaches
  18 goblins
  7 hobgoblins
  8 jackals
  9 quokkas
  9 ball pythons
  5 frilled lizards
  22 kobolds
  6 rats
291 creatures vanquished.

Vanquished Creatures (others)
  A howler monkey zombie (D:9)
  An orc (D:9)
  4 fungi (D:8)
  21 plants
27 creatures vanquished.

Grand Total: 318 creatures vanquished

Notes
Turn   | Place    | Note
-------+----------+-------------------------------------------
     0 | D:1      | siradein the Hill Orc Fighter began the quest for the Orb.
     0 | D:1      | Reached XP level 1. HP: 19/19 MP: 1/1
   131 | D:1      | Found a faded altar of an unknown god.
   143 | D:1      | Reached XP level 2. HP: 27/27 MP: 2/2
   147 | D:1      | Reached skill level 3 in Axes
   236 | D:1      | Reached XP level 3. HP: 27/33 MP: 3/3
   872 | D:2      | Reached skill level 1 in Slings
   923 | D:2      | Reached XP level 4. HP: 28/40 MP: 4/4
  1045 | D:2      | Noticed Robin
  1053 | D:2      | Killed Robin
  1801 | D:2      | Noticed Jessica
  1805 | D:2      | Killed Jessica
  1825 | D:2      | Reached XP level 5. HP: 47/47 MP: 5/5
  2512 | D:3      | Reached skill level 4 in Axes
  2967 | D:3      | You fall into a shaft and drop 3 floors!
  2972 | D:5      | Entered Level 5 of the Dungeon
  2982 | D:4      | Noticed Pikel
  2982 | D:4      | Noticed a lemure
  2982 | D:4      | Noticed a lemure
  2989 | D:4      | Noticed an ogre
  2993 | D:4      | Reached XP level 6. HP: 52/53 MP: 6/6
  2999 | D:4      | Found an ancient bone altar of Kikubaaqudgha.
  3578 | D:3      | Reached skill level 5 in Fighting
  5048 | D:3      | Killed Pikel
  5049 | D:3      | Reached skill level 5 in Axes
  5049 | D:3      | Reached skill level 5 in Armour
  5049 | D:3      | Reached skill level 5 in Shields
  5049 | D:3      | Reached XP level 7. HP: 31/62 MP: 7/7
  5049 | D:3      | Reached XP level 8. HP: 35/70 MP: 8/8
  5817 | D:4      | Reached skill level 6 in Axes
  5882 | D:4      | Found a white marble altar of Elyvilon.
  6229 | D:4      | Found a glowing silver altar of Zin.
  6791 | D:5      | Identified the +9 trident "Jivai" {freeze, Fly rC+ MP+9
                  | Dex-2}
  6791 | D:5      | Found a shadowy altar of Dithmenos.
  6914 | D:5      | Found a staircase to the Ecumenical Temple.
  7013 | Temple   | Entered the Ecumenical Temple
  7366 | D:6      | Noticed Edmund
  7907 | D:6      | Reached skill level 7 in Axes
  7907 | D:6      | Reached XP level 9. HP: 64/72 MP: 8/9
  7954 | D:6      | You are sucked into a shaft and drop 2 floors!
  8411 | D:6      | Reached skill level 8 in Axes
  8411 | D:6      | Reached skill level 5 in Slings
  8471 | D:6      | Killed Edmund
  8979 | D:7      | Found an ornate altar of the Wu Jian Council.
  9019 | D:7      | Reached XP level 10. HP: 83/88 MP: 10/10
  9105 | D:7      | Found a glowing golden altar of the Shining One.
  9662 | D:7      | Found a basalt altar of Yredelemnul.
  9678 | D:7      | Found a sacrificial altar of Ru.
  9972 | D:8      | Noticed a two-headed ogre
 10085 | D:7      | Reached skill level 9 in Axes
 10284 | D:7      | HP: 3/88 [wight (6)]
 11281 | D:8      | Found a staircase to the Lair.
 11823 | D:8      | HP: 3/91 [killer bee (2)]
 12469 | D:9      | Found a broken altar of Ashenzari.
 12693 | D:9      | Found a staircase to the Orcish Mines.
 12779 | D:9      | Reached XP level 11. HP: 93/97 MP: 11/11
 12783 | D:9      | Reached skill level 10 in Axes
 12936 | D:9      | Became a worshipper of Beogh the Brigand
 13442 | D:9      | Found a bloodstained altar of Trog.
 13442 | D:9      | Found an iron altar of Okawaru.
 13683 | D:9      | Reached * piety under Beogh
 13764 | D:9      | Identified the +4 short sword "Imat Mor" {vamp, rC+ Str+3
                  | Stlth+}
 14016 | D:10     | Entered Level 10 of the Dungeon
 14067 | D:10     | Noticed a cyclops
 14086 | D:10     | Killed a cyclops
 14087 | D:10     | Reached skill level 10 in Fighting
 14405 | D:10     | Identified the +8 war axe "Rucwow" {speed, +Blink Str-3
                  | SInv}
 14446 | D:10     | Found a radiant altar of Vehumet.
 14600 | D:10     | Found a sparkling altar of Nemelex Xobeh.
 14646 | D:10     | Reached skill level 1 in Short Blades
 15251 | D:10     | Reached skill level 11 in Axes
 15670 | D:11     | Reached skill level 1 in Invocations
 15799 | D:11     | Noticed Psyche
 15815 | D:11     | Killed Psyche
 15851 | D:11     | Noticed a five-headed hydra
 15862 | D:11     | Killed a five-headed hydra
 15863 | D:11     | Reached XP level 12. HP: 90/108 MP: 13/13
 16147 | D:11     | Reached ** piety under Beogh
 16622 | D:11     | Noticed a boulder beetle
 16639 | D:11     | Killed a boulder beetle
 16640 | D:11     | Reached skill level 10 in Armour
 16640 | D:11     | Reached skill level 10 in Shields
 16865 | D:11     | Noticed a catoblepas
 16992 | D:11     | HP: 5/108 [catoblepas (4)]
 16995 | D:11     | Killed from afar by a catoblepas

Illustrated notes

Levels and vault maps discovered:
D:1:      scummos_arrival_checkerplants, layout_rooms, basic_ecumenical_altar
D:2:      layout_loops_corners, uniq_robin, uniq_jessica
D:3:      layout_basic, serial_bayou_pond_e
D:4:      minmay_recursive_quarters, layout_cave_pools,
          mainiacjoe_overflow_paths, overflow_temple_1_default, zin_statuary,
          uniq_pikel
D:5:      layout_rooms, nicolae_dithmenos_the_darkroom,
          minmay_temple_entry_purple_smoke
D:6:      layout_loops_cross, grunt_potential, uniq_edmund
D:7:      layout_loops_ring, lemuel_crystal_altar, amcnicky_altar_gilded,
          mainiacjoe_overflow_swirl
D:8:      layout_loops_ring, minmay_lair_entry_grove,
          kennysheep_decorative_pillar, minmay_fractal_squares_gapless_5
D:9:      layout_basic, old_standard_altar, grunt_temple_overflow_bloody_war,
          david_orc_2
D:10:     layout_irregular_city, mainiacjoe_overflow_chevrons,
          nemelex_spade_bored_becter, minmay_misc_feat_alley
D:11:     layout_roguey, serial_rivers, chequers_serial_rivers_room_a,
          chequers_serial_rivers_marsh, chequers_serial_rivers_micro_c,
          chequers_serial_rivers_micro_c, uniq_psyche
Temple:   compressed_dpeg_triangle_lava_temple

Skill      XL: |  1  2  3  4  5  6  7  8  9 10 11 12 |
---------------+-------------------------------------+-----
Axes           | 3 4 5 7 8 9 11 | 11.5
Fighting       | 4 5 7 8 9 10 | 10.9
Slings         | 1 2 3 4 5 6 7 |  7.8
Armour         | 4 5 6 7 8 9 10 | 10.0
Shields        | 4 5 6 7 8 9 10 | 10.0
Short Blades   | 2 3 |  3.3
Invocations    | 1 2 |  2.8

Action                   |  1- 3 |  4- 6 |  7- 9 | 10-12 || total
-------------------------+-------+-------+-------+-------++-------
Melee: War axe           |   107 |   203 |   100 |   170 ||   580
       Trident           |       |       |    97 |   264 ||   361
       Glaive            |       |       |       |    34 ||    34
       Short sword       |       |       |       |    79 ||    79
 Fire: Fustibalus        |       |    22 |    29 |    20 ||    71
Throw: Dart              |       |    14 |     8 |     8 ||    30
Invok: Convert to Beogh  |       |       |       |     1 ||     1
  Use: Scroll            |       |       |     5 |    10 ||    15
       Potion            |       |       |       |     2 ||     2
Armor: Scale mail        |    62 |    71 |       |       ||   133
       Chain mail        |       |    38 |   102 |    97 ||   237
       Plate armour      |       |       |       |   204 ||   204
Dodge: Dodged            |    62 |    98 |    57 |   167 ||   384
Block: Buckler           |    27 |    72 |    48 |    74 ||   221
       Kite shield       |       |       |       |   117 ||   117

Table legend: (Time is in decaauts)
 A = Elapsed time spent in this place.
 B = Non-inter-level travel time spent in this place.
 C = Inter-level travel time spent in this place.
 D = Time resting spent in this place.
 E = Time spent auto-exploring this place.
 F = Levels seen in this place.
 G = Mean time per level.
                   A        B        C        D        E       F      G
               +--------+--------+--------+--------+--------+-----+--------+
         Total |  17134 |  16907 |    227 |   2879 |  10052 |  12 | 1427.8 |
       Dungeon |  16871 |  16644 |    227 |   2879 |   9825 |  11 | 1533.7 |
        Temple |    262 |    262 |      0 |      0 |    227 |   1 |  262.0 |
               +--------+--------+--------+--------+--------+-----+--------+

Top non-repeatable levels by time:
     D:2: 2323 daAuts
     D:3: 2102 daAuts
     D:8: 1973 daAuts
     D:7: 1780 daAuts
    D:10: 1605 daAuts
     D:9: 1569 daAuts
    D:11: 1338 daAuts
     D:6: 1174 daAuts
     D:4: 1058 daAuts
     D:5: 988 daAuts
     D:1: 957 daAuts
  Temple: 262 daAuts
